 Dungeon Crawl Stone Soup version 0.27.1-34-g3ba077fa99 (webtiles) character file.

Game seed: 6734296296746413611

1087 KamiKatze the Chopper (level 8, 0/51 HPs)
             Began as a Gargoyle Berserker on Jan 3, 2022.
             Was a Priest of Trog.
             Slain by Duvessa (1 damage)
             ... on level 5 of the Dungeon.
             The game lasted 00:22:16 (5028 turns).

KamiKatze the Chopper (Gargoyle Berserker)          Turns: 5028, Time: 00:22:16

Health: 0/51       AC: 13    Str: 24    XL:     8   Next: 30%
Magic:  8/8        EV: 11    Int:  7    God:    Trog [***...]
Gold:   246        SH:  0    Dex:  9    Spells: 7/7 levels left

rFire    . . .     SeeInvis .   a - +0 hand axe
rCold    . . .     Faith    .   (no shield)
rNeg     + . .     Spirit   .   l - +2 ring mail {rPois}
rPois    ∞         Reflect  .   (no helmet)
rElec    +         Harm     .   q - scarf {repulsion}
rCorr    .         Rampage  .   (no gloves)
Will     ++...                  (no boots)
Stlth    ..........             (no amulet)
HPRegen  1.17/turn              (no ring)
MPRegen  0.11/turn              (no ring)

@: mighty, strong-willed, on berserk cooldown, regenerating, repel missiles
A: sickness immunity, AC +5, negative energy resistance 1, electricity
resistance, torment resistance 1, petrification resistance
a: Renounce Religion, Berserk, Trog's Hand


You were on level 5 of the Dungeon.
You worshipped Trog.
Trog was most pleased with you.
You visited 1 branch of the dungeon, and saw 5 of its levels.

You collected 246 gold pieces.

Inventory:

Hand Weapons
 a - a +0 hand axe (weapon)
 b - a +0 war axe
 o - a +2 flail of draining
 w - a +0 dagger of venom
Missiles
 g - 91 stones
 t - 20 poisoned darts (quivered)
Armour
 c - a scarf of invisibility
 h - a +0 scale mail
 l - a +2 ring mail of poison resistance (worn)
 q - a scarf of repulsion (worn)
Wands
 v - a wand of mindburst (13)
Scrolls
 e - a scroll of magic mapping {unknown}
 f - 2 scrolls of fog {unknown}
 k - a scroll of noise {unknown}
 m - a scroll of acquirement {unknown}
 n - a scroll of vulnerability {unknown}
 p - a scroll of enchant weapon {unknown}
 s - 5 scrolls of identify
 x - a scroll of holy word {unknown}
 y - 2 scrolls of immolation {unknown}
 z - a scroll of enchant armour {unknown}
 A - a scroll of teleportation
Potions
 d - a potion of flight
 i - 2 potions of cancellation
 j - 3 potions of curing
 r - a potion of ambrosia


   Skills:
 + Level 5.7 Fighting
 * Level 6.2 Axes
 + Level 5.1 Armour
 - Level 2.0 Dodging
 * Level 2.8 Evocations


You had 7 spell levels left.
You didn't know any spells.
Your spell library was empty.

Dungeon Overview and Level Annotations

Branches:
Dungeon (5/15)
 Temple: D:4-7

Altars:
Gozag
Nemelex Xobeh
Uskayaw
Zin

Annotations:
D:5 Duvessa


Innate Abilities, Weirdness & Mutations

You are immune to sickness and miasma.
Your stone body is resilient. (AC +5)
You are immune to poison.
You resist negative energy. (rN+)
You are resistant to electric shocks. (rElec)
You are resistant to unholy torment.
You are immune to petrification.


Message History

Duvessa is moderately wounded.
Duvessa hits you with a +0 rapier of venom!
You slash Duvessa!
Duvessa is heavily wounded.
Duvessa hits you with a +0 rapier of venom!
You hit Duvessa but do no damage.
Duvessa is heavily wounded.
Duvessa barely misses you.
You barely miss Duvessa.
Duvessa is heavily wounded.
Duvessa hits you with a +0 rapier of venom.
You hit Duvessa.
Duvessa is heavily wounded.
Duvessa closely misses you.
You barely miss Duvessa.
Duvessa is heavily wounded.
Duvessa closely misses you.
You hit Duvessa.
Duvessa is heavily wounded.
Duvessa hits you with a +0 rapier of venom.
You slash Duvessa!
Duvessa is severely wounded.
You are no longer berserk.
You are exhausted.
You feel yourself slow down.
Duvessa hits you with a +0 rapier of venom!
* * * LOW HITPOINT WARNING * * *
Okay, then.
Your magical effects are unravelling.
You feel magically purged.
You feel yourself speed up.
Duvessa hits you with a +0 rapier of venom!
* * * LOW HITPOINT WARNING * * *
Duvessa hits you with a +0 rapier of venom.
* * * LOW HITPOINT WARNING * * *
You feel very mighty all of a sudden.
Duvessa hits you with a +0 rapier of venom!
* * * LOW HITPOINT WARNING * * *
Duvessa hits you with a +0 rapier of venom.
You die...

############## #............#
#.##########.##
################.# ##...##
...............#.# #####>....###
##########.#.#.#.####..e.........
##..............###.....###
######....#.#.#e###### ##..(##
#.............#@# .......#
#.####..<....##)####.#####.##.#
#.# ##).)(..........# #.# .#
##.#####)).)..##........ ... .
.......)......########## #### ##
...........#### ....########
.........## .#........#


You could see Duvessa (berserk).

Vanquished Creatures
  2 necrophages (D:5)
  3 ogres
  A phantom (D:5)
  A scorpion (D:5)
  Dowan (D:5)
  A centaur zombie (D:5)
  2 hounds
  A jelly (D:3)
  A gnoll shaman (D:5)
  An orc priest (D:4)
  2 iguanas
  Terence (D:2)
  2 orc wizards (D:4)
  A hound skeleton (D:2)
  3 adders
  5 gnolls (D:5)
  A howler monkey skeleton (D:4)
  2 worms
  3 dart slugs (D:2)
  11 orcs
  4 endoplasms
  5 giant cockroaches
  12 goblins
  4 hobgoblins
  4 jackals (D:2)
  6 quokkas
  8 ball pythons
  6 bats
  5 frilled lizards
  5 kobolds
  7 rats
111 creatures vanquished.

Notes
Turn   | Place    | Note
-------+----------+-------------------------------------------
     0 | D:1      | KamiKatze the Gargoyle Berserker began the quest for the
                  | Orb.
     0 | D:1      | Reached XP level 1. HP: 14/14 MP: 1/1
    81 | D:1      | Reached XP level 2. HP: 16/19 MP: 2/2
   154 | D:1      | Reached skill level 3 in Axes
   326 | D:1      | Found a faded altar of an unknown god.
   589 | D:1      | Reached XP level 3. HP: 22/23 MP: 3/3
   936 | D:2      | Noticed Terence
   943 | D:2      | Killed Terence
   944 | D:2      | Reached XP level 4. HP: 29/29 MP: 4/4
  1015 | D:2      | Reached ** piety under Trog
  1862 | D:3      | Found a hide-covered altar of Uskayaw.
  1862 | D:3      | You fall into a shaft and drop 1 floor!
  1884 | D:4      | Reached skill level 4 in Axes
  1884 | D:4      | Reached XP level 5. HP: 26/33 MP: 5/5
  2082 | D:4      | Noticed a phantom
  2088 | D:5      | Entered Level 5 of the Dungeon
  2130 | D:5      | Killed a phantom
  2131 | D:5      | Reached XP level 6. HP: 25/39 MP: 6/6
  2566 | D:4      | Reached skill level 5 in Axes
  2825 | D:3      | Found a glowing silver altar of Zin.
  2918 | D:3      | Reached XP level 7. HP: 44/44 MP: 7/7
  3118 | D:3      | Reached skill level 5 in Fighting
  3285 | D:3      | Reached *** piety under Trog
  3621 | D:4      | Found a sparkling altar of Nemelex Xobeh.
  3913 | D:5      | Reached skill level 1 in Evocations
  4147 | D:5      | Reached XP level 8. HP: 34/50 MP: 8/8
  4343 | D:5      | Reached skill level 6 in Axes
  4343 | D:5      | Reached skill level 5 in Armour
  4888 | D:5      | Found an opulent altar of Gozag.
  4978 | D:5      | Noticed Duvessa
  4978 | D:5      | Noticed Dowan
  5013 | D:5      | Killed Dowan
  5028 | D:5      | HP: 1/51 [Duvessa (10)]
  5028 | D:5      | Slain by Duvessa

Illustrated notes

Levels and vault maps discovered:
D:1:      minmay_arrival_semitransparent, layout_basic,
          shapermc_ecumenical_altar_notcrosses
D:2:      layout_basic, serial_park_tiny_pond, minmay_tromino_i4, uniq_terence
D:3:      layout_loops_corners, eat_drink_and_be_merry_uskayaw, zin_academy
D:4:      layout_basic, nemelex_xobeh_ov_fountains_minmay
D:5:      minmay_octagon_keep, layout_loops_ring, nicolae_gozag_seed_capital,
          uniq_duvessa

Skill      XL: |  1  2  3  4  5  6  7  8 |
---------------+-------------------------+-----
Axes           | 3 4 5 6 |  6.2
Dodging        | 2 |  2.0
Armour         | 3 4 5 |  5.1
Fighting       | 4 5 |  5.7
Evocations     | 2 |  2.8

Action                   |  1- 3 |  4- 6 |  7- 9 || total
-------------------------+-------+-------+-------++-------
Melee: Hand axe          |   103 |   220 |   182 ||   505
Throw: Stone             |       |     2 |       ||     2
       Dart              |       |       |     2 ||     2
Invok: Berserk           |     2 |     3 |     6 ||    11
       Trog's Hand       |       |     1 |     1 ||     2
  Use: Scroll            |       |     6 |     1 ||     7
       Potion            |       |     1 |     2 ||     3
Armor: Animal skin       |    37 |       |       ||    37
       Ring mail         |     3 |    81 |    73 ||   157
Dodge: Dodged            |    63 |   108 |   102 ||   273
       Repelled          |       |     1 |     2 ||     3
